 Dungeon Crawl Stone Soup version 0.20-a0-267-g4a7ec2a (console) character file.

200499 nht the Shatterer (level 18, -6/196 HPs)
             Began as an Ogre Berserker on Dec 6, 2016.
             Was a High Priest of Trog.
             Killed from afar by a deep elf knight (25 damage)
             ... with a shard of ice
             ... on level 2 of the Vaults.
             The game lasted 01:26:52 (33865 turns).

nht the Shatterer (Ogre Berserker)                 Turns: 33865, Time: 01:26:53

Health: -6/196     AC: 17    Str: 33    XL:     18   Next: 51%
Magic:  6/6        EV: 10    Int:  6    God:    Trog [*****.]
Gold:   1939       SH:  0    Dex:  9    Spells: 17/17 levels left

rFire  + . .     SeeInvis .     a - +9 giant spiked club (antimagic)
rCold  + . .     Gourm    .     X - quicksilver dragon scales
rNeg   . . .     Faith    .     (shield currently unavailable)
rPois  +         Spirit   .     x - +1 hat
rElec  +         Reflect  .     Y - +2 cloak
rCorr  +         Harm     .     (gloves unavailable)
MR     +++++                    (boots unavailable)
Stlth  ..........               M - amulet of regeneration
                                G - ring of protection from magic
                                A - ring of poison resistance

@: exhausted, resistant, regenerating, slowed, drained, very slow
A: unfitting armour, antennae 1, tough skin 1
}: 1/15 runes: gossamer
a: Berserk, Trog's Hand, Brothers in Arms, Burn Spellbooks, Renounce Religion


You were on level 2 of the Vaults.
You worshipped Trog.
Trog was extremely pleased with you.
You were hungry.

You visited 5 branches of the dungeon, and saw 29 of its levels.
You also visited: Sewer and Ossuary.

You collected 2769 gold pieces.
You spent 830 gold pieces at shops.

Inventory:

Hand Weapons
 a - a +9 antimagic giant spiked club (weapon)
 l - the +7 giant club of Dominance {venom, *Rage Str+6 Int+5}
   (Trog gifted it to you on level 15 of the Dungeon)

   It poisons the flesh of those it strikes.
   It affects your strength (+6).
   It affects your intelligence (+5).
   It may make you go berserk in combat.
 u - the +4 morningstar of the Gloaming {crush, rElec rF+ Str+4}
   (Trog gifted it to you on level 2 of the Orcish Mines)

   It inflicts extra damage upon your enemies.
   It affects your strength (+4).
   It protects you from fire.
   It insulates you from electricity.
Missiles
 o - 16 tomahawks (quivered)
 v - a javelin
 J - 8 javelins of penetration
 K - 4 poisoned javelins
 O - a throwing net
 Q - 3 tomahawks of dispersal
 U - 29 large rocks
 V - 4 silver tomahawks
 W - 5 poisoned tomahawks
Armour
 k - the +18 shield of the Gong {rElec rN+ MR+ EV-5}
   (You acquired it on level 1 of the Lair of Beasts)

   It affects your evasion (-5).
   It insulates you from electricity.
   It protects you from negative energy.
   It affects your resistance to hostile enchantments.
 r - +2 ice dragon scales
 x - a +1 hat (worn)
 X - quicksilver dragon scales (worn)
 Y - a +2 cloak (worn)
Jewellery
 f - an uncursed ring of flight
 w - an uncursed ring of see invisible
 A - a ring of poison resistance (left hand)
 F - an uncursed ring of protection from fire
 G - a ring of protection from magic (right hand)
 H - an uncursed ring of resist corrosion
 M - an amulet of regeneration (around neck)
Wands
 b - a wand of iceblast (7/15)
 q - a wand of digging (15/24)
 N - a wand of teleportation (7/9)
 Z - a wand of disintegration (14/24)
Scrolls
 d - 4 scrolls of teleportation
 e - a scroll of enchant weapon
 h - 17 scrolls of identify
 s - 2 scrolls of enchant armour
 t - 12 scrolls of remove curse
 y - a scroll of recharging
 B - a scroll of fear
 I - 6 scrolls of magic mapping
 L - 5 scrolls of blinking
 R - a scroll of fog
 T - a scroll of summoning
Potions
 g - 5 potions of flight
 i - 3 potions of ambrosia
 j - 10 potions of might
 m - 6 potions of agility
 n - 3 potions of curing
 p - 4 potions of haste
 z - 2 potions of cure mutation
 E - 2 potions of invisibility
 P - a potion of resistance
Comestibles
 c - 21 bread rations
 C - 6 meat rations
 D - 7 chunks of flesh
 S - 10 royal jellies


   Skills:
 + Level 15.8(15.7) Fighting
 - Level 24.0(23.9) Maces & Flails
 * Level 19.7(19.6) Throwing
 + Level 7.4(7.3) Armour
 - Level 2.6 Dodging


You had 17 spell levels left.
You didn't know any spells.

Dungeon Overview and Level Annotations

Branches:
Dungeon (15/15)            Temple (0/1) D:4            Lair (6/6) D:10
 Shoals (0/4) Lair:4       Spider (4/4) Lair:2        Slime (0/5) Lair:6
    Orc (2/2) D:10            Elf (0/3) Orc:2        Vaults (2/5) D:13
  Crypt (0/3) Vaults:2     Depths (0/5) D:15

Altars:
Elyvilon
Fedhas
Hepliaklqana
Nemelex Xobeh
Okawaru
Qazlal
Ru
Uskayaw
Xom
The Shining One
Jiyva

Shops:
D:4 !   D:6 *   D:12 [   Orc:2 !*[:

Annotations:
Lair:6 exclusion: oklob plant


Innate Abilities, Weirdness & Mutations

You are too large for most types of armour.
You have tough skin. (AC +1)
You have a pair of small antennae on your head.


Message History

The deep elf mage dies!
Trog accepts your kill.
Trog appreciates your killing of a magic user.
The deep elf mage casts a spell.
A deep elf mage comes into view. It is wielding a dagger.
Your deep troll closely misses the deep elf mage.
Your deep troll misses the deep elf mage.
Your deep troll claws the deep elf mage!
The deep elf knight gestures wildly while chanting.
The deep elf knight seems to speed up.
Your deep troll bites the deep elf mage!!
Your deep troll claws the deep elf mage.
Your deep troll completely misses the deep elf mage.
The deep elf mage casts a spell at your deep troll.
The bolt of fire hits your deep troll. The bolt of fire hits you! You resist.
* * * LOW HITPOINT WARNING * * *
The deep elf mage barely misses you.
The deep elf knight points at you and mumbles some strange words.
The shard of ice hits you! You partially resist.
You die...

.. ... ....
███████████████████████(...
...........................
)............E.............
...........................
...........e...e.))).......
......^....eT...@)(........


███████'█████████(█████████ █......█ █...[...█ █..[...█ █.......█ █......█
█..█████████ ██ █......█ █..█....█..█ .█ █......█ █..()...'..█ .█ █......█
█..))...'..█ ██ █......█ █..█.(..█..█ You could see a deep elf knight, an earth
elemental, 2 deep elf magi and a friendly deep troll (berserk).

Vanquished Creatures
  A fire giant (Vaults:2)
  4 ghost moths
  3 vault wardens
  4 emperor scorpions (Spider:4)
  An ironheart preserver (Vaults:1)
  A stone giant (Orc:1)
  3 entropy weavers
  A spark wasp (Spider:2)
  3 fire dragons
  Fannar (Lair:3)
  Josephine (Lair:4)
  A vault guard (D:13)
  4 ogre magi
  8 hydras
  2 death knights (Vaults:2)
  7 centaur warriors
  8 death scarabs (Spider:4)
  A tengu warrior (D:13)
  The ghost of anet the Geomancer, a novice GrEE of Dithmenos (Lair:1)
  A storm dragon zombie (Vaults:2)
  A skeletal warrior (Vaults:2)
  4 hell knights (Vaults:2)
  A swamp dragon (Lair:6)
  A spectral emperor scorpion (Spider:4)
  A deep elf knight (Vaults:2)
  The ghost of tsouns the Martial Artist, a novice DsWn of Makhleb (D:8)
  A flayed ghost (Vaults:2)
  2 unseen horrors (Vaults:1)
  A glowing orange brain (Vaults:2)
  5 deep elf archers
  8 hill giants
  A wizard (Vaults:2)
  A phantasmal warrior (Vaults:2)
  3 ironbrand convokers
  2 spectral wolf spiders (Spider:4)
  2 necromancers (Vaults:2)
  6 orc knights
  19 wolf spiders
  18 orb spiders
  7 deep elf magi
  An oklob plant (Lair:5)
  3 orc sorcerers
  8 ugly things
  3 manticores
  4 moths of wrath
  4 cyclopes
  A frost giant skeleton (Vaults:2)
  A guardian serpent (shapeshifter) (Vaults:1)
  A vault sentinel (Vaults:1)
  4 black mambas
  11 spiny frogs
  2 centaur skeletons (D:15)
  2 gargoyles
  A torpor snail (Spider:2)
  10 yaktaurs
  The ghost of Raws the Archer, a novice HEHu of Okawaru (D:5)
  15 demonic crawlers
  4 rime drakes
  A rime drake (shapeshifter) (D:15)
  An efreet (D:15)
  2 redback zombies (Spider:4)
  3 freezing wraiths
  7 komodo dragons
  7 trolls
  45 jumping spiders
  8 two-headed ogres
  2 polar bears (Lair:6)
  A queen bee (Lair:1)
  3 spectral jumping spiders (Spider:4)
  A wind drake (shapeshifter) (Vaults:1)
  3 spectral tarantellas (Spider:4)
  6 hornets
  2 jumping spider zombies (Spider:4)
  2 tarantella zombies (Spider:4)
  11 slime creatures
  16 blink frogs
  8 hippogriffs
  A meliai zombie (D:14)
  A snapping turtle (Lair:4)
  30 tarantellas
  A spriggan (D:11)
  6 shadows
  8 wyverns
  2 vampires
  9 basilisks
  81 redbacks
  8 wraiths
  Grum (D:11)
  27 yaks
  2 hungry ghosts
  2 vampire mosquitoes (D:12)
  A human simulacrum (Vaults:2)
  2 wargs (Orc:1)
  8 acid dragons
  3 water moccasins (Lair:6)
  2 hell hounds (D:10)
  2 spectral hornets (Spider:4)
  12 porcupines
  Purgy (Sewer)
  A necrophage (D:6)
  3 ice beasts
  A swamp drake (Lair:6)
  3 black bears
  29 orc warriors
  2 eyes of draining
  3 sky beasts
  4 hornet zombies
  13 ogres
  2 phantoms
  13 boggarts
  9 wolves
  14 centaurs
  10 crocodiles
  A big kobold (D:8)
  3 elf zombies (Ossuary)
  27 bullfrogs
  A gnoll sergeant (D:10)
  A human skeleton (Vaults:2)
  A wyvern skeleton (D:12)
  35 killer bees
  4 scorpions
  8 wights
  2 electric eels
  6 howler monkeys
  8 crimson imps
  A bullfrog zombie (D:5)
  5 jellies
  4 hounds
  4 human zombies (Ossuary)
  27 orc priests
  8 centaur zombies
  4 bullfrog skeletons
  9 iguanas
  29 orc wizards
  4 worker ants
  7 hell rats (Lair:6)
  2 hound skeletons
  3 mummies (Ossuary)
  7 gnolls
  10 adders
  2 worker ant zombies
  4 shadow imps
  An adder skeleton (D:9)
  3 worms
  2 dart slugs
  5 leopard geckos
  104 orcs
  5 giant cockroaches
  5 goblins
  7 hobgoblins
  4 jackals (D:10)
  12 kobolds
  3 quokkas
  4 ball pythons (Sewer)
  8 bats
  7 frilled lizards
  7 rats
  A plant (Lair:6)
1068 creatures vanquished.

Vanquished Creatures (collateral kills)
  Margery (Vaults:2)
  Nikola (Spider:1)
  A vault warden (Vaults:1)
  A ghost moth (Spider:4)
  An ettin (D:15)
  3 centaur warriors
  A tengu warrior (D:15)
  2 ogre magi
  3 orc high priests (Orc:2)
  A deep elf archer (D:15)
  A hill giant (D:15)
  A deep elf mage (Vaults:2)
  3 orc sorcerers (Orc:2)
  6 ugly things (D:14)
  4 orc knights (Orc:2)
  A wolf spider (Spider:1)
  2 oklob plants (Lair:5)
  An orb spider (Spider:1)
  2 spectral redbacks (Spider:4)
  3 yaktaurs (Vaults:1)
  A rime drake (shapeshifter) (D:12)
  A demonic crawler (Spider:3)
  5 jumping spiders
  A hornet (Spider:4)
  A slime creature (D:12)
  2 tarantella zombies (Spider:4)
  5 redbacks
  A centaur simulacrum (D:14)
  3 tarantellas
  An acid dragon (D:14)
  2 water moccasins (Lair:1)
  A porcupine (Lair:1)
  7 orc warriors (Orc:2)
  2 centaurs (Vaults:2)
  A bullfrog (D:10)
  A howler monkey (D:10)
  4 orc priests (Orc:2)
  2 orc wizards (Orc:2)
  2 orcs
82 creatures vanquished.

Vanquished Creatures (others)
  A redback (Spider:1)
  A boggart (Vaults:2)
  An orc priest (Orc:2)
  7 fungi
  8 plants
18 creatures vanquished.

Grand Total: 1168 creatures vanquished

Notes
Turn   | Place    | Note
-------+----------+-------------------------------------------
     0 | D:1      | nht the Ogre Berserker began the quest for the Orb.
     0 | D:1      | Reached XP level 1. HP: 24/24 MP: 1/1
   324 | D:1      | Reached XP level 2. HP: 30/32 MP: 2/2
   375 | D:1      | Reached skill level 5 in Maces & Flails
   389 | D:1      | Reached XP level 3. HP: 32/39 MP: 3/3
  1098 | D:2      | Reached ** piety under Trog
  1173 | D:2      | Reached skill level 6 in Maces & Flails
  1550 | D:2      | Reached XP level 4. HP: 48/48 MP: 4/4
  1787 | D:2      | Found a sparkling altar of Nemelex Xobeh.
  2655 | D:3      | Reached skill level 7 in Maces & Flails
  2914 | D:3      | Reached XP level 5. HP: 54/54 MP: 5/5
  3304 | D:4      | Found Feojiysch's Distillery.
  3310 | D:4      | Bought a potion of agility for 44 gold pieces
  3310 | D:4      | Bought a potion of haste for 110 gold pieces
  3310 | D:4      | Bought a potion of heal wounds for 55 gold pieces
  3354 | D:4      | Found a sand-covered staircase.
  3360 | Ossuary  | Entered an ossuary
  3388 | Ossuary  | Reached skill level 8 in Maces & Flails
  3394 | Ossuary  | Reached XP level 6. HP: 48/62 MP: 6/6
  3404 | Ossuary  | Reached skill level 9 in Maces & Flails
  3599 | Ossuary  | Reached skill level 10 in Maces & Flails
  3599 | Ossuary  | Reached XP level 7. HP: 21/70 MP: 7/7
  3871 | Ossuary  | Reached *** piety under Trog
  3976 | D:4      | Reached skill level 11 in Maces & Flails
  4294 | D:4      | Reached XP level 8. HP: 75/78 MP: 8/8
  4321 | D:4      | Found a staircase to the Ecumenical Temple.
  4520 | D:5      | Entered Level 5 of the Dungeon
  4532 | D:5      | Found a blossoming altar of Fedhas.
  4589 | D:5      | Found a stormy altar of Qazlal.
  4623 | D:5      | Noticed Raws's ghost (novice HEHu)
  4634 | D:5      | Killed Raws's ghost
  4634 | D:5      | Reached skill level 12 in Maces & Flails
  4738 | D:5      | Reached skill level 13 in Maces & Flails
  5250 | D:5      | Found an iron altar of Okawaru.
  5303 | D:5      | Reached skill level 14 in Maces & Flails
  5350 | D:5      | Found a hide-covered altar of Uskayaw.
  5405 | D:5      | Found a sacrificial altar of Ru.
  5407 | D:5      | Found a hazy altar of Hepliaklqana.
  5433 | D:5      | Reached XP level 9. HP: 47/84 MP: 9/9
  5488 | D:6      | Found Zoadde's General Store.
  5496 | D:6      | Bought a potion of might for 48 gold pieces
  5623 | D:6      | Found a glowing drain.
  5659 | Sewer    | Entered a sewer
  5706 | Sewer    | Reached **** piety under Trog
  5713 | Sewer    | Noticed Purgy
  5721 | Sewer    | Killed Purgy
  6242 | D:6      | Reached skill level 15 in Maces & Flails
  6261 | D:7      | You fall through a shaft for 3 floors!
  6261 | D:10     | Entered Level 10 of the Dungeon
  6291 | D:10     | Noticed a hill giant
  6294 | D:10     | Killed a hill giant
  6333 | D:10     | Reached skill level 16 in Maces & Flails
  6475 | D:10     | Got a warped flail
  6484 | D:10     | Identified the +1 flail of Broken Luck {crush, Str+4} (You found it on level 10 of the Dungeon)
  6680 | D:7      | Reached XP level 10. HP: 47/92 MP: 10/10
  6841 | D:7      | Reached skill level 17 in Maces & Flails
  6895 | D:7      | You fall through a shaft for 3 floors!
  7094 | D:10     | Found a staircase to the Lair.
  7843 | D:7      | Reached skill level 18 in Maces & Flails
  8305 | D:6      | Bought a scroll of brand weapon for 240 gold pieces
  8449 | D:8      | Noticed tsouns's ghost (novice DsWn)
  8459 | D:8      | Killed tsouns's ghost
  9264 | D:8      | Reached skill level 19 in Maces & Flails
  9756 | D:8      | Found a white marble altar of Elyvilon.
  9839 | D:8      | Reached XP level 11. HP: 28/100 MP: 11/11
 10736 | D:9      | Found a sparkling altar of Nemelex Xobeh.
 10848 | D:9      | Reached ***** piety under Trog
 10856 | D:9      | Reached skill level 20 in Maces & Flails
 11007 | D:9      | Found a shimmering altar of Xom.
 11237 | D:9      | Found a glowing golden altar of the Shining One.
 11364 | D:10     | Found a staircase to the Orcish Mines.
 11769 | Lair:1   | Entered Level 1 of the Lair of Beasts
 11774 | Lair:1   | Noticed an eight-headed hydra
 11780 | Lair:1   | Killed an eight-headed hydra
 11780 | Lair:1   | Reached skill level 21 in Maces & Flails
 11925 | Lair:1   | Noticed anet's ghost (novice GrEE)
 11964 | Lair:1   | Identified a scroll of acquirement
 11991 | Lair:1   | Killed anet's ghost
 12218 | Lair:1   | Noticed a six-headed hydra
 12225 | Lair:1   | Killed a six-headed hydra
 12225 | Lair:1   | Reached XP level 12. HP: 84/107 MP: 12/12
 12368 | D:7      | Reached skill level 22 in Maces & Flails
 12422 | D:4      | Bought a potion of lignification for 33 gold pieces
 12422 | D:4      | Bought a potion of heal wounds for 55 gold pieces
 12422 | D:4      | Bought a potion of might for 44 gold pieces
 12422 | D:4      | Bought a potion of curing for 33 gold pieces
 12568 | Orc:1    | Entered Level 1 of the Orcish Mines
 12907 | Lair:2   | Reached skill level 1 in Throwing
 13174 | Lair:2   | Found a hole to the Spider Nest.
 13181 | Lair:2   | Reached skill level 5 in Fighting
 13983 | Lair:3   | Noticed Fannar
 13998 | Lair:3   | Killed Fannar
 14034 | Lair:3   | Noticed a five-headed hydra
 14042 | Lair:3   | Killed a five-headed hydra
 14101 | Lair:3   | Reached skill level 5 in Throwing
 14482 | Lair:3   | Received a gift from Trog
 14497 | Lair:3   | Reached XP level 13. HP: 76/128 MP: 13/13
 15082 | Lair:3   | Reached skill level 23 in Maces & Flails
 15335 | Lair:4   | Found a staircase to the Shoals.
 15445 | Lair:4   | Reached ****** piety under Trog
 15576 | Lair:4   | Noticed Josephine
 15583 | Lair:4   | Killed Josephine
 15708 | Lair:4   | Received a gift from Trog
 15772 | Lair:4   | HP: 6/132 [porcupine (13)]
 16559 | Lair:5   | Reached skill level 10 in Fighting
 16913 | Lair:6   | Entered Level 6 of the Lair of Beasts
 16979 | Lair:6   | Found a staircase to the Slime Pits.
 16979 | Lair:6   | Found a viscous altar of Jiyva.
 18069 | Lair:6   | Reached XP level 14. HP: 146/146 MP: 14/14
 18217 | Lair:6   | Received a gift from Trog
 19059 | Lair:1   | Received a gift from Trog
 19598 | Orc:1    | Received a gift from Trog
 19599 | Orc:1    | Got a scorched great mace {god gift}
 19600 | Orc:1    | Identified the +8 great mace of Trog's Envy {crush, Int+8 Stlth-} (Trog gifted it to you on level 1 of the Orcish Mines)
 19697 | Orc:1    | Noticed a stone giant
 19712 | Orc:1    | Killed a stone giant
 19712 | Orc:1    | Reached skill level 24 in Maces & Flails
 19921 | Orc:2    | Entered Level 2 of the Orcish Mines
 19962 | Orc:2    | what
 20514 | Orc:2    | Reached skill level 1 in Armour
 20522 | Orc:2    | Found a staircase to the Elven Halls.
 20608 | Orc:2    | Received a gift from Trog
 20614 | Orc:2    | Got an ebony morningstar {god gift}
 20615 | Orc:2    | Identified the +4 morningstar of the Gloaming {crush, rElec rF+ Str+4} (Trog gifted it to you on level 2 of the Orcish Mines)
 20648 | Orc:2    | Found Raxenish's Book Boutique.
 20648 | Orc:2    | Found Yrutuf's Distillery.
 20650 | Orc:2    | Found Geegg's Assorted Antiques.
 20652 | Orc:2    | Found Tastax's Antique Armour Emporium.
 20823 | Orc:2    | Bought a potion of agility for 56 gold pieces
 20823 | Orc:2    | Bought a potion of might for 56 gold pieces
 20823 | Orc:2    | Bought a potion of agility for 56 gold pieces
 21659 | D:11     | Noticed Grum
 21668 | D:11     | Killed Grum
 21943 | D:12     | Reached skill level 10 in Throwing
 22231 | D:12     | Found Jussono's Antique Armour Boutique.
 22247 | D:12     | Received a gift from Trog
 22844 | D:13     | Received a gift from Trog
 23015 | D:13     | Reached XP level 15. HP: 130/161 MP: 5/15
 23347 | D:13     | Found a gate to the Vaults.
 24184 | D:15     | Entered Level 15 of the Dungeon
 24187 | D:15     | Received a gift from Trog
 24261 | D:15     | Reached skill level 5 in Armour
 24264 | D:15     | Found a staircase to the Depths.
 24782 | D:15     | Received a gift from Trog
 24784 | D:15     | Got a translucent giant club {god gift}
 24785 | D:15     | Identified the +7 giant club of Dominance {venom, *Rage Str+6 Int+5} (Trog gifted it to you on level 15 of the Dungeon)
 25139 | Spider:1 | Entered Level 1 of the Spider Nest
 25454 | Spider:1 | Noticed Nikola
 25479 | Spider:1 | Killed Nikola
 25493 | Spider:1 | Noticed a ghost moth
 25498 | Spider:1 | Killed a ghost moth
 25498 | Spider:1 | Reached XP level 16. HP: 26/174 MP: 0/16
 26805 | Spider:2 | Received a gift from Trog
 27021 | Spider:2 | Reached skill level 15 in Throwing
 27499 | Spider:2 | Received a gift from Trog
 27812 | Spider:2 | Received a gift from Trog
 28939 | Spider:4 | Entered Level 4 of the Spider Nest
 29276 | Spider:4 | Reached XP level 17. HP: 148/182 MP: 5/17
 29344 | Spider:4 | Received a gift from Trog
 29604 | Spider:4 | Gained mutation: You have a pair of small antennae on your head. [potion of beneficial mutation]
 29648 | Spider:4 | Received a gift from Trog
 29977 | Spider:4 | Received a gift from Trog
 30275 | Spider:4 | Received a gift from Trog
 30603 | Spider:4 | Got a gossamer rune of Zot
 30915 | Vaults:1 | Entered Level 1 of the Vaults
 32012 | Vaults:1 | HP: 3/182 [vault warden/halberd of protection (11)]
 32012 | Vaults:1 | Received a gift from Trog
 32017 | Vaults:1 | HP: 2/182 [vault warden/halberd of protection (17)]
 32577 | Vaults:1 | Reached skill level 15 in Fighting
 32741 | Vaults:2 | Reached XP level 18. HP: 167/193 MP: 6/18
 32886 | Vaults:2 | Found a staircase to the Crypt.
 32924 | Vaults:2 | Noticed a Tzitzimitl
 33504 | Vaults:2 | Received a gift from Trog
 33839 | Vaults:2 | Noticed Margery
 33849 | Vaults:2 | Received a gift from Trog
 33858 | Vaults:2 | Killed Margery
 33865 | Vaults:2 | Killed from afar by a deep elf knight

Vault maps used:
D:1:      dpeg_arrival_circle_labyrinth_c, hex_large
D:2:      first_bread, nemelex_diamond_rough_becter
D:4:      enter_ossuary_2, serial_shops, nicolae_shop_trees, saegor_snake_ambush
D:5:      old_standard_altar, chequers_temple_overflow_statue_of_worship,
          okawaru_metal_pillars_3, grunt_qazlal_clouds, basic_altar
D:6:      serial_shops, shop, gup_sewer_entry_glass
D:8:      elyvilon_altar_3
D:9:      kennysheep_six_static_rooms, lemuel_doored_altar,
          nemelex_altar_shiori, kennysheep_mini_moat
D:10:     minmay_lair_entry_lava, hiddenorc2_lemuel
D:11:     the_bakery, uniq_grum
D:12:     serial_shops, nicolae_shop_competitors_out_of_business,
          onia_ninara_dug_in_and_dangerous
D:13:     david_vaults_5
D:14:     serial_park_square1
D:15:     hangedman_depths_entry_civil_slaughter, dk_noncrumbling_3
Lair:1:   special_room
Lair:2:   nicolae_spider_entry_tight_spaces, grunt_megastairs_3,
          serial_bayou_shore_b
Lair:3:   grunt_megastairs_1, uniq_fannar
Lair:4:   minmay_shoals_entry_hut, serial_bayou_shore_b,
          infiniplex_staircase_pool_2, lemuel_fruit_tree, uniq_josephine
Lair:5:   serial_bayou_pond_a, disabler_island
Lair:6:   guppyfry_lair_end_dragon, slime_altar_1, minmay_lair_oklob_bushes,
          kilobyte_rumbling_trees
Spider:1: uniq_nikola
Spider:4: floodkiller_spider_rune_tomb
Orc:2:    st_orc_elflike, special_room
Vaults:1: v_misc_12, grunt_vaults_diagonal, v_misc_18, v_misc_3,
          vaults_mumra_hex, vaults_room_semicircle, nicolae_vaults_shelves_hall
Vaults:2: vaults_room_door_hall, v_pattern_5, minmay_crypt_entry_simple_statues,
          nicolae_vaults_what_the_h, ontoclasm_vaults_ring_square,
          ontoclasm_vaults_spin, v_misc_8, nicolae_vaults_shelves_hall,
          ontoclasm_vaults_shuriken, vaults_dpeg_cross, uniq_donald,
          uniq_margery
Sewer:    sewer_co_purgy_island
Ossuary:  ossuary_minmay_four_chambers

Skill      XL: |  1  2  3  4  5  6  7  8  9 10 11 12 13 14 15 16 17 18 |
---------------+-------------------------------------------------------+-----
Maces & Flails | 5 6 7 8 10 11 14 16 19 21 22 23 24 | 24.0
Throwing       | 5 8 10 13 16 19 | 19.7
Fighting       | 8 11 13 14 15 | 15.8
Armour         | 3 5 6 7 |  7.4
Dodging        | |  2.6

Action                   |  1- 3 |  4- 6 |  7- 9 | 10-12 | 13-15 | 16-18 || total
-------------------------+-------+-------+-------+-------+-------+-------++-------
Melee: Mace              |   115 |   138 |    59 |       |       |       ||   312
       Giant club        |       |       |    59 |       |   240 |   161 ||   460
       Giant spiked club |       |       |   105 |   435 |   420 |   546 ||  1506
       Flail             |       |       |    19 |   102 |       |       ||   121
       Great mace        |       |       |       |       |   281 |       ||   281
       Morningstar       |       |       |       |       |    11 |     8 ||    19
Throw: Tomahawk          |       |       |       |    41 |   139 |   301 ||   481
       Javelin           |       |       |       |       |       |    15 ||    15
       Large rock        |       |       |       |       |       |    25 ||    25
Invok: Berserk           |     2 |     3 |     5 |    12 |    16 |     4 ||    42
       Brothers in Arms  |       |       |       |     4 |     8 |     7 ||    19
       Trog's Hand       |       |       |       |     2 |     2 |    16 ||    20
       Burn Spellbooks   |       |       |       |     2 |     4 |     2 ||     8
Evoke: Wand              |       |       |    10 |    24 |    25 |       ||    59
  Use: Potion            |     5 |     7 |     1 |     5 |     4 |     9 ||    31
       Scroll            |       |     6 |     7 |    15 |     9 |    12 ||    49
 Stab: Sleeping          |     1 |       |     3 |       |       |       ||     4
       Paralysed         |       |       |     2 |       |       |       ||     2
       Distracted        |       |       |       |     1 |       |       ||     1
  Eat: Chunk             |     3 |     7 |    10 |    34 |    38 |    25 ||   117
       Fruit             |       |     2 |     1 |       |    12 |       ||    15
       Meat ration       |       |       |     1 |       |       |       ||     1
       Pizza             |       |       |       |     1 |     4 |     3 ||     8
       Bread ration      |       |       |       |     1 |       |       ||     1
       Royal jelly       |       |       |       |       |     1 |     1 ||     2
       Beef jerky        |       |       |       |       |     3 |     1 ||     4
Armor: Animal skin       |    43 |    19 |    40 |       |       |       ||   102
       Skin              |       |     6 |       |    22 |       |       ||    28
       Robe              |       |       |       |    21 |       |       ||    21
       Troll leather arm |       |       |       |    75 |    90 |       ||   165
       Quicksilver drago |       |       |       |       |   171 |   497 ||   668
Dodge: Dodged            |    84 |    56 |   109 |   221 |   371 |   336 ||  1177
